 Dungeon Crawl Stone Soup version 0.30-a0-476-g330ca2eb8e (webtiles) character file.

Game seed: 3786016328256481474

7595 anonymousknight the Fighter (level 10, -14/89 (94) HPs)
             Began as a Minotaur Gladiator on Dec 21, 2022.
             Was a High Priest of Okawaru.
             Demolished by an orc warrior
             ... wielding a +0 battleaxe
              (16 damage)
             ... on level 1 of the Orcish Mines.
             The game lasted 01:27:49 (8316 turns).

anonymousknight the Fighter (Minotaur Gladiator)    Turns: 8316, Time: 01:27:49

HP:   -14/89 (94)   AC: 22    Str: 24    XL:     10   Next: 97%
MP:   9/9           EV: 10    Int:  5    God:    Okawaru [*****.]
Gold: 777           SH:  6    Dex: 11    Spells: 9/9 levels left

rFire   . . .      SeeInvis .    V - +1 morningstar (protect)
rCold   + . .      Faith    .    W - +0 kite shield
rNeg    . . .      Spirit   .    J - +2 ring mail {Will+}
rPois   .          Reflect  .    c - +0 hat
rElec   .          Harm     .    t - +0 cloak
rCorr   .          Rampage  .    w - +2 pair of gloves
Will    ++...                    A - +0 pair of boots
Stlth   +.........               (no amulet)
HPRegen 0.34/turn                g - ring of protection from cold
MPRegen 0.11/turn                e - ring of willpower

@: marked, under a protective aura, studying Maces & Flails, drained
A: horns 2, retaliatory headbutt
a: Renounce Religion, Heroism, Finesse, Duel


You were on level 1 of the Orcish Mines.
You worshipped Okawaru.
Okawaru was extremely pleased with you.
You visited 2 branches of the dungeon, and saw 11 of its levels.
You also visited: Sewer.

You collected 833 gold pieces.
You spent 56 gold pieces at shops.

Inventory:

Hand Weapons
 a - a +2 hand axe of freezing
 V - a +1 morningstar of protection (weapon)
Missiles
 d - 4 throwing nets
 p - 14 boomerangs
 u - 9 poisoned darts
 B - 5 javelins (quivered)
 K - 3 curare-tipped darts
 P - an atropa-tipped dart
 Q - a boomerang of dispersal
Armour
 c - a +0 hat (worn)
 t - a +0 cloak (worn)
 w - a +2 pair of gloves (worn)
 A - a +0 pair of boots (worn)
 J - a +2 ring mail of willpower (worn)
 O - a scarf of invisibility
 W - a +0 kite shield (worn)
Jewellery
 e - a ring of willpower (right hand)
 g - a ring of protection from cold (left hand)
 U - a ring of poison resistance
Wands
 s - a wand of light (9)
 C - a wand of flame (17)
 T - a wand of mindburst (21)
Scrolls
 b - a scroll of acquirement {unknown}
 f - 2 scrolls of poison {unknown}
 h - a scroll of blinking {unknown}
 j - a scroll of amnesia {unknown}
 l - 5 scrolls of identify
 n - 3 scrolls of teleportation
 o - a scroll of fear
 v - a scroll of brand weapon {unknown}
 x - 3 scrolls of magic mapping
 y - a scroll of fog {unknown}
 G - 2 scrolls of enchant armour {unknown}
 I - a scroll of silence {unknown}
 M - a scroll of immolation {unknown}
 S - a scroll of enchant weapon {unknown}
Potions
 k - a potion of flight {unknown}
 m - a potion of mutation {unknown}
 q - 3 potions of ambrosia
 r - a potion of experience {unknown}
 z - 2 potions of haste {unknown}
 D - 2 potions of resistance
 E - 2 potions of heal wounds {unknown}
 F - a potion of berserk rage {unknown}
 H - a potion of magic {unknown}
 L - a potion of cancellation {unknown}
 N - a potion of brilliance {unknown}
 R - a potion of curing
 X - 2 potions of attraction {unknown}


   Skills:
 + Level 10.3 Fighting
 - Level 9.1(10.4) Axes
 + Level 7.7(9.7) Maces & Flails
 + Level 8.5 Throwing
 + Level 9.7 Armour
 - Level 5.1 Dodging


You had 9 spell levels left.
You didn't know any spells.
Your spell library contained the following spells:

 Spells                   Type           Power      Damage    Failure   Level
 Dazzling Flash           Conj/Hex       0%         N/A       100%        3
 Gell's Gravitas          Tloc           0%         N/A       100%        3
 Lesser Beckoning         Tloc           0%         N/A       100%        3
 Portal Projectile        Hex/Tloc       0%         N/A       100%        3
 Teleport Other           Tloc           0%         N/A       100%        3
 Agony                    Necr           0%         N/A       100%        5
 Blade Hands              Tmut           0%         N/A       100%        5
 Silence                  Hex/Air        0%         N/A       100%        5
 Tukima's Dance           Hex            Unusable   N/A       N/A         3

Dungeon Overview and Level Annotations

Branches:
Dungeon (9/15)             Temple (0/1) D:6             Orc (2/2) D:9
  Sewer (visited)
   Lair: D:8-11         Elf: Orc:2

Altars:
Cheibriados
Hepliaklqana
Nemelex Xobeh
Okawaru
Wu Jian
Yredelemnul

Shops:
D:5 *   D:6 :   D:8 ?   D:9 (


Innate Abilities, Weirdness & Mutations

You have a pair of horns on your head.
You reflexively headbutt those who attack you in melee.


Message History

An orc comes into view. It is wielding a +0 whip.
The orc hits you but does no damage. The troll closely misses you.
The troll barely misses you. The troll claws you but does no damage.
The orc knight hits you with a +0 great mace!
The orc moves out of view.
The troll bites you but does no damage.
The troll claws you but does no damage. x2
You block the orc knight's attack.
The orc priest begins to cast a cantrip, but forgets the words!
The orc hits you but does no damage.
The orc warrior hits you with a +0 battleaxe!
* * * LOW HITPOINT WARNING * * *
You climb upwards.
The orc pulls the alarm!
The alarm trap emits a blaring wail!
A sentinel's mark forms upon you.
Reactivating autopickup.
There is a stone staircase leading down, spattered with blood here.
You puncture the orc knight!
The orc knight is almost dead.
The troll barely misses you. The troll claws you!
* * * LOW HITPOINT WARNING * * *
The troll claws you but does no damage.
The orc knight hits you but does no damage.
The orc warrior hits you with a +0 battleaxe!
* * * LOW HITPOINT WARNING * * *
You hit the orc knight.
You headbutt the orc knight, but do no damage.
The orc knight is almost dead.
You block the troll's attack. x2; The troll claws you but does no damage.
The orc hits you but does no damage. The orc knight barely misses you.
You block the orc warrior's attack.
You hit the orc knight. Your headbutt misses the orc knight.
The orc knight is almost dead.
The orc no longer looks unusually strong.
The troll bites you but does no damage. The troll barely misses you.
The troll claws you.
* * * LOW HITPOINT WARNING * * *
The orc hits you but does no damage.
The orc knight hits you with a +0 great mace!
* * * LOW HITPOINT WARNING * * *
The orc warrior hits you with a +0 battleaxe!
You die...

..............### #.......#....
....#...........### #....#.###.#.
..#.##............####..........#
.....##.#..........##......[)[.##
..#..#...#..#......#.....)##.)..#
......#.#...#..........[..####...
......##.....#.............# ##..
.....####.#....o[T.........#####.
.....# #...#....@[..[........##..
.....####..#.#..oo#...........##.
..#....##......#......##.#...####
.##........#..........##....##
.#.#...#...................##
............#............###
.#.##.#......#......#...##
..######.##.##.....###.## ..#
######....### ###


You could see an orc knight, a troll, an orc warrior (strong) and an orc.

Vanquished Creatures
  A two-headed ogre (D:9)
  Pikel (D:4)
  A troll (Orc:1)
  4 yaks (D:8)
  Eustachio (D:4)
  Menkaure (D:4)
  A warg (Orc:2)
  Duvessa (D:4)
  A water moccasin (D:9)
  11 orc warriors
  A sky beast (D:7)
  2 black bears
  An ice beast (D:6)
  5 ogres
  4 centaurs
  A kobold brigand (D:6)
  3 gnoll sergeants
  3 bullfrogs
  A scorpion (D:4)
  14 wights
  Dowan (D:4)
  7 howler monkeys
  2 lava snakes (D:7)
  11 orc priests
  5 hounds
  3 jellies
  2 gnoll boudas
  3 iguanas
  A hell rat (Sewer)
  5 orc wizards
  Robin (D:4)
  34 gnolls
  6 adders
  A white imp (D:6)
  A worm (D:2)
  2 dart slugs
  67 orcs
  5 ball pythons
  3 endoplasms
  6 giant cockroaches
  17 goblins
  6 hobgoblins
  18 jackals
  4 quokkas
  4 bats
  11 kobolds
  9 rats
293 creatures vanquished.

Vanquished Creatures (others)
  7 fungi (D:6)
  19 plants (D:3)
26 creatures vanquished.

Grand Total: 319 creatures vanquished

Notes
Turn   | Place    | Note
-------+----------+-------------------------------------------
     0 | D:1      | anonymousknight the Minotaur Gladiator began the quest for
                  | the Orb.
     0 | D:1      | Reached XP level 1. HP: 18/18 MP: 0/0
   183 | D:1      | Reached XP level 2. HP: 25/25 MP: 1/1
   310 | D:1      | Found a faded altar of an unknown god.
   340 | D:1      | Reached skill level 3 in Fighting
   434 | D:1      | Reached XP level 3. HP: 26/31 MP: 2/2
  1207 | D:2      | Found an iron altar of Okawaru.
  1215 | D:2      | Became a worshipper of Warmaster Okawaru
  1398 | D:3      | Reached skill level 1 in Armour
  1434 | D:3      | Reached XP level 4. HP: 38/38 MP: 3/3
  1448 | D:3      | Reached XP level 5. HP: 29/46 MP: 4/4
  1593 | D:3      | Reached skill level 4 in Fighting
  1728 | D:3      | Reached XP level 6. HP: 27/52 MP: 5/5
  1791 | D:3      | Reached * piety under Okawaru
  1792 | D:3      | Reached skill level 5 in Axes
  2569 | D:3      | Reached skill level 5 in Dodging
  2569 | D:3      | Reached XP level 7. HP: 45/60 MP: 6/6
  3163 | D:3      | Reached skill level 5 in Fighting
  3218 | D:4      | Noticed Eustachio
  3249 | D:4      | Killed Eustachio
  3249 | D:4      | Reached ** piety under Okawaru
  3283 | D:4      | Noticed Pikel
  3300 | D:4      | Killed Pikel
  3300 | D:4      | Reached *** piety under Okawaru
  3301 | D:4      | Reached skill level 6 in Fighting
  3301 | D:4      | Reached skill level 5 in Armour
  3301 | D:4      | Reached XP level 8. HP: 64/70 MP: 7/7
  3309 | D:4      | Found a basalt altar of Yredelemnul.
  3387 | D:4      | Reached skill level 5 in Throwing
  3392 | D:4      | Noticed Menkaure
  3396 | D:4      | Killed Menkaure
  3403 | D:4      | Noticed Dowan
  3414 | D:4      | Noticed Duvessa
  3419 | D:4      | Killed Dowan
  3431 | D:4      | Killed Duvessa
  3692 | D:4      | Noticed Robin
  3709 | D:4      | Killed Robin
  3771 | D:4      | Reached **** piety under Okawaru
  3821 | D:4      | Found a sparkling altar of Nemelex Xobeh.
  4084 | D:5      | Entered Level 5 of the Dungeon
  4092 | D:5      | Reached skill level 7 in Fighting
  4215 | D:5      | Found Saosiuw's Fire Supplies.
  4452 | D:6      | Found an ornate altar of the Wu Jian Council.
  4489 | D:6      | Reached XP level 9. HP: 77/79 MP: 8/8
  4614 | D:6      | Found Vumpaanic's Book Shoppe.
  4652 | D:6      | Found a snail-covered altar of Cheibriados.
  4727 | D:6      | Found a hazy altar of Hepliaklqana.
  4832 | D:6      | Found a glowing drain.
  4860 | Sewer    | Entered a sewer
  4979 | D:6      | Reached skill level 8 in Fighting
  5332 | D:7      | Received a gift from Okawaru
  5357 | D:7      | Found an iron altar of Okawaru.
  5470 | D:7      | Received a gift from Okawaru
  5786 | D:8      | Reached skill level 1 in Maces & Flails
  5858 | D:8      | Reached ***** piety under Okawaru
  5859 | D:8      | Reached XP level 10. HP: 28/90 MP: 9/9
  5877 | D:8      | Reached skill level 9 in Fighting
  6159 | D:8      | Found Dumas's Magic Scroll Shop.
  6176 | D:8      | Bought a scroll of identify for 28 gold pieces
  6176 | D:8      | Bought a scroll of identify for 28 gold pieces
  6282 | D:8      | Received a gift from Okawaru
  6563 | D:9      | Found Zeimid's Antique Weapon Shoppe.
  6570 | D:9      | Noticed a two-headed ogre
  6578 | D:9      | Killed a two-headed ogre
  6578 | D:9      | Received a gift from Okawaru
  6579 | D:9      | Reached skill level 5 in Maces & Flails
  6943 | D:9      | Found a staircase to the Orcish Mines.
  7080 | Orc:1    | Entered Level 1 of the Orcish Mines
  7132 | Orc:1    | Reached skill level 10 in Fighting
  7133 | Orc:1    | Received a gift from Okawaru
  7644 | Orc:2    | Entered Level 2 of the Orcish Mines
  7644 | Orc:2    | Noticed an orc high priest
  7789 | Orc:2    | HP: 2/91 [orc warrior/+0 battleaxe[an orc high priest] (6)]
  8045 | Orc:2    | Noticed an orc knight
  8316 | Orc:1    | HP: 2/89 [orc knight/+0 great mace (7)]
  8316 | Orc:1    | Demolished by an orc warrior

Illustrated notes

Levels and vault maps discovered:
D:1:      shiori_arrival_oz, layout_basic, ebering_ecumenical_altar_mist,
          hex_medium
D:2:      layout_basic, basic_altar, kennysheep_generic_room_16
D:3:      lemuel_castle_with_subvaults [lemuel_castle_interior_carwin_2],
          layout_loops_corners, serial_bayou_lake_a
D:4:      layout_loops_ring, amcnicky_altar_gilded, general_overflow_altar,
          minivault_25, uniq_duvessa, uniq_pikel, uniq_menkaure, uniq_eustachio,
          uniq_robin
D:5:      layout_basic, nicolae_shop_fire_sale [nicolae_sub_dead_trees]
D:6:      layout_basic, mainiacjoe_overflow_boulevard,
          worldfamousw_hep_ancestral_shrine,
          mainiacjoe_overflow_concentric_impassable,
          minmay_temple_entry_enclosed_plants, gup_sewer_entry_glass,
          serial_shops, kennysheep_mini, dreamdust_mushroom_princess,
          amcnicky_mini_corridor_feature, minmay_manual_mail
D:7:      layout_loops_cross, overflow_temple_1_default, kennysheep_path_1,
          nrook_mini_vaults
D:8:      layout_rooms, serial_shops, nicolae_shop_stone
D:9:      layout_basic, david_orc_5, serial_shops, nicolae_diamond_shop,
          nicolae_shop_bloodbath_and_beyond, nicolae_stop_n_shop_1, shop, shop
Orc:1:    layout_caves, mines2_lemuel
Orc:2:    st_orc_elflike, layout_caves, serial_shops, nicolae_shop_stone,
          nicolae_shop_hallway_plus

Skill      XL: |  1  2  3  4  5  6  7  8  9 10 |
---------------+-------------------------------+-----
Axes           | 4 5 6 7 9 |  9.1
Fighting       | 3 4 6 7 8 10 | 10.3
Armour         | 1 2 3 5 6 8 9 |  9.7
Dodging        | 4 5 |  5.1
Throwing       | 3 4 5 7 8 |  8.5
Maces & Flails | 2 7 |  7.7

Action                   |  1- 3 |  4- 6 |  7- 9 | 10-12 || total
-------------------------+-------+-------+-------+-------++-------
Melee: War axe           |    69 |   133 |   290 |       ||   492
       Headbutt          |     9 |    19 |    60 |    46 ||   134
       Mace              |       |       |    15 |    58 ||    73
       Hand axe          |       |       |     8 |       ||     8
       Morningstar       |       |       |       |   187 ||   187
Throw: Boomerang         |    29 |       |     2 |       ||    31
       Javelin           |       |     7 |     5 |     5 ||    17
       Dart              |       |     3 |     6 |     2 ||    11
Invok: Heroism           |       |       |     1 |     2 ||     3
       Finesse           |       |       |       |     1 ||     1
Evoke: Wand              |       |       |       |     1 ||     1
  Use: Potion            |       |     2 |       |     2 ||     4
       Scroll            |       |       |     7 |     1 ||     8
 Stab: Invisible         |       |       |       |     1 ||     1
Armor: Leather armour    |    19 |       |       |       ||    19
       Chain mail        |     2 |   113 |    78 |       ||   193
       Ring mail         |       |       |    93 |   165 ||   258
Dodge: Dodged            |    42 |    77 |   181 |   161 ||   461
Block: Buckler           |    11 |    20 |    45 |    19 ||    95
       Kite shield       |       |       |       |    74 ||    74

Table legend: (Time is in decaauts)
 A = Elapsed time spent in this place.
 B = Non-inter-level travel time spent in this place.
 C = Inter-level travel time spent in this place.
 D = Time resting spent in this place.
 E = Time spent auto-exploring this place.
 F = Levels seen in this place.
 G = Mean time per level.
                   A        B        C        D        E       F      G
               +--------+--------+--------+--------+--------+-----+--------+
         Total |   8512 |   4307 |   4205 |   2174 |      0 |  12 |  709.3 |
       Dungeon |   7172 |   3467 |   3705 |   1644 |      0 |   9 |  796.9 |
  Orcish Mines |   1258 |    758 |    500 |    530 |      0 |   2 |  629.0 |
         Sewer |     82 |     82 |      0 |      0 |      0 |   1 |   82.0 |
               +--------+--------+--------+--------+--------+-----+--------+

Top non-repeatable levels by time:
     D:3: 1972 daAuts
   Orc:1: 1207 daAuts
     D:4: 907 daAuts
     D:8: 787 daAuts
     D:1: 721 daAuts
     D:7: 676 daAuts
     D:2: 610 daAuts
     D:6: 601 daAuts
     D:9: 530 daAuts
     D:5: 364 daAuts
   Sewer: 82 daAuts
   Orc:2: 50 daAuts
